 Dungeon Crawl Stone Soup version 0.17.0-56-gd8de76c (webtiles) character file.

3376 Ijustatesigmund the Slicer (level 9, 0/50 HPs)
             Began as a Deep Elf Wizard on Dec 5, 2015.
             Was an Initiate of Vehumet.
             Slain by a gnoll
             ... wielding a +0 spear
              (3 damage)
             ... on level 8 of the Dungeon.
             The game lasted 00:47:34 (9587 turns).

Ijustatesigmund the Slicer (Deep Elf Wizard)        Turns: 9587, Time: 00:47:36

Health: 0/50       AC:  8    Str:  4    XL:     9   Next: 74%
Magic:  7/21       EV: 14    Int: 27    God:    Vehumet [......]
Gold:   325        SH:  0    Dex: 13    Spells: 8 memorised, 3 levels left

rFire  . . .     SeeInvis .     e - +7 short sword "Fatwumir" {pain, +Blink rC- MR+}
rCold  x . .     Clarity  .     a - +0 robe
rNeg   . . .     SustAt   .     (no shield)
rPois  +         Gourm    .     K - +1 helmet
rElec  .         Spirit   .     G - +2 cloak
rCorr  +         Warding  .     u - +0 pair of gloves
rMut   .         Stasis   .     (no boots)
MR     +....                    w - amulet of resist corrosion
Stlth  +++.......               R - ring of invisibility
                                i - ring of poison resistance

@: lethally poisoned (0 -> -12), repel missiles, somewhat resistant to hostile
enchantments, fairly stealthy
A: no striking features
a: Renounce Religion, Evoke Blink, Evoke Invisibility


You were on level 8 of the Dungeon.
You worshipped Vehumet.
Vehumet was noncommittal.
You were not hungry.

You visited 2 branches of the dungeon, and saw 10 of its levels.

You collected 325 gold pieces.

Inventory:

Hand Weapons
 e - the +7 short sword "Fatwumir" (weapon) {pain, +Blink rC- MR+}
   (You found it on level 7 of the Dungeon)

   In the hands of one skilled in necromantic magic, it inflicts extra damage on
   living creatures.
   It makes you vulnerable to cold.
   It affects your resistance to hostile enchantments.
   It lets you blink.
 g - a +1 short sword of freezing
 l - a +3 dagger of holy wrath
Missiles
 k - 15 tomahawks (quivered)
Armour
 a - a +0 robe (worn)
 h - a +0 buckler
 u - a +0 pair of gloves (worn)
 G - a +2 cloak (worn)
 J - the +0 ring mail of the Planets {+Blink +Fly rC+}
   (You found it on level 5 of the Dungeon)

   It protects you from cold.
   It lets you fly.
   It lets you blink.
 K - a +1 helmet (worn)
Magical Staves
 O - an uncursed staff of summoning {unknown}
Jewellery
 i - a ring of poison resistance (left hand)
 w - an amulet of resist corrosion (around neck)
 A - an uncursed ring of ice
 R - a ring of invisibility (right hand)
Wands
 s - a wand of disintegration (15)
 x - a wand of magic darts (18)
 I - a wand of fireball (11)
Scrolls
 o - a scroll of identify
 r - a scroll of magic mapping
 C - a scroll of blinking
 D - a scroll of brand weapon
 E - 2 scrolls of immolation
 F - a scroll of recharging
 P - 2 scrolls of enchant weapon
 Q - a scroll of fog
Potions
 b - a potion of berserk rage {unknown}
 f - 2 potions of magic
 j - a potion of mutation
 m - a potion of heal wounds
 n - 2 potions of curing
 p - 2 potions of lignification
 v - a potion of agility
 z - a potion of resistance {unknown}
 H - a potion of might {unknown}
 M - 2 potions of brilliance {unknown}
Books
 c - a book of Minor Magic

   Spells                             Type                      Level
   a - Magic Dart                     Conjuration                  1
   b - Blink                          Translocation                2
   c - Call Imp                       Summoning                    2
   d - Repel Missiles                 Charms/Air                   2
   e - Slow                           Hexes                        2
   f - Conjure Flame                  Conjuration/Fire             3
   g - Mephitic Cloud                 Conjuration/Poison/Air       3
 q - a book of Alchemy

   Spells                             Type                      Level
   a - Sublimation of Blood           Necromancy                   2
   b - Ignite Poison                  Fire/Transmutation/Poison    3
   c - Alistair's Intoxication        Transmutation/Poison         4
   d - Condensation Shield            Ice                          4
   e - Petrify                        Transmutation/Earth          4
   f - Irradiate                      Conjuration/Transmutation    5
 t - a Grand Grimoire

   Spells                             Type                      Level
   a - Monstrous Menagerie            Summoning                    6
   b - Summon Greater Demon           Summoning                    7
   c - Malign Gateway                 Summoning/Translocation      7
   d - Summon Horrible Things         Summoning                    8
 y - a book of Cantrips

   Spells                             Type                      Level
   a - Corona                         Hexes                        1
   b - Animate Skeleton               Necromancy                   1
   c - Summon Small Mammal            Summoning                    1
   d - Apportation                    Translocation                1
Comestibles
 d - 3 bread rations
 B - a chunk of flesh


   Skills:
 - Level 3.1 Fighting
 - Level 8.3 Short Blades
 - Level 5.2 Dodging
 - Level 5.4 Stealth
 + Level 7.2 Spellcasting
 - Level 6.7 Conjurations
 - Level 1.1 Summonings
 - Level 1.1 Translocations
 - Level 4.5 Transmutations


You had 3 spell levels left.
You knew the following spells:

 Your Spells              Type           Power        Failure   Level  Hunger
a - Magic Dart            Conj           ####         1%          1    None
b - Blink                 Tloc           N/A          8%          2    None
c - Repel Missiles        Chrm/Air       #.....       12%         2    None
d - Mephitic Cloud        Conj/Pois/Air  ###.....     10%         3    None
e - Call Imp              Summ           ###.....     8%          2    None
f - Irradiate             Conj/Trmt      #####.....   21%         5    #####..
g - Apportation           Tloc           ###.......   4%          1    None
h - Conjure Flame         Conj/Fire      ####....     4%          3    None


Dungeon Overview and Level Annotations

Branches:
Dungeon (9/15)               Lair (0/8) D:9             Orc (1/4) D:9
 Temple: D:4-7

Altars:
Ashenzari
Cheibriados
Elyvilon
Vehumet
Yredelemnul
The Shining One

Shops:
D:5 [   D:8 [

Annotations:
D:7 Dowan, Duvessa


Message History

Confirm with . or Enter, or press ? or * to list all spells.
Aiming: Magic Dart
Press: ? - help, Shift-Dir - straight line, f/p - gnoll sergeant
Aim: a gnoll sergeant, wielding a trident of venom and wearing a ring mail (heavily wounded)
The magic dart hits the gnoll sergeant.
The gnoll sergeant is severely wounded.
* * * LOW HITPOINT WARNING * * *
You feel sick. The gnoll hits you but does no damage.
Casting: Magic Dart
Confirm with . or Enter, or press ? or * to list all spells.
Aiming: Magic Dart
Press: ? - help, Shift-Dir - straight line, f/p - gnoll sergeant
Aim: a gnoll sergeant, wielding a trident of venom and wearing a ring mail (severely wounded)
The magic dart hits the gnoll sergeant.
The gnoll sergeant is almost dead.
* * * LOW HITPOINT WARNING * * *
You feel sick. The gnoll sergeant closely misses you.
The gnoll barely misses you.
The gnoll hits you from afar with a spear.
You die...

##.#..........#...........#
............#.#########.#
### #...........#.# #.#
..## #......)....#.# #.#
...####...........#.# #.#
...............)..#.# #.#
...#####......gg..#.#
#####.## ...#
#........g.#.# #......#
...# #........@.#.#
#.###### ...#
##..######.#.# #.#
...######..## #.#.#####.#
...#........# #.#....<#.#
...#......#.## #.#######.#
#.........# #.........#
######..#.# ###########
#....# #.#..#


You could see a gnoll sergeant and 2 gnolls.

Vanquished Creatures
  The ghost of Elvalys the Unseen, a novice SpAs (D:8)
  A hungry ghost (D:8)
  A sky beast (D:9)
  3 centaurs
  2 phantoms
  An ice beast (D:7)
  5 ogres
  An orc warrior (D:8)
  A crocodile (D:9)
  2 black bears
  A giant frog (D:6)
  A scorpion (D:4)
  6 wights
  6 crimson imps
  4 hounds
  A quasit (D:7)
  2 iguanas
  Crazy Yiuf (D:6)
  Ijyb (D:2)
  A giant frog skeleton (D:4)
  4 orc wizards
  An orc priest (D:3)
  10 worker ants
  A hound skeleton (D:4)
  9 adders
  3 gnolls (D:8)
  A shadow imp (D:6)
  3 oozes
  An adder skeleton (D:9)
  6 worms
  32 orcs
  12 bats
  3 giant cockroaches
  9 hobgoblins
  5 jackals
  4 quokkas
  A ball python (D:3)
  3 giant geckos
  2 giant gecko skeletons
  4 giant newts
  17 goblins
  A jackal skeleton (D:4)
  5 kobolds
  A quokka skeleton (D:6)
  7 rats
  A fungus (D:9)
188 creatures vanquished.

Vanquished Creatures (others)
  A fungus (D:9)
  A plant (D:9)
2 creatures vanquished.

Grand Total: 190 creatures vanquished

Notes
Turn   | Place    | Note
--------------------------------------------------------------
     0 | D:1      | Ijustatesigmund the Deep Elf Wizard began the quest for the Orb.
     0 | D:1      | Reached XP level 1. HP: 10/10 MP: 7/7
   140 | D:1      | Reached XP level 2. HP: 9/15 MP: 0/9
   146 | D:1      | Learned a level 2 spell: Blink
   149 | D:1      | Learned a level 2 spell: Repel Missiles
   546 | D:2      | Reached XP level 3. HP: 15/19 MP: 2/10
   552 | D:2      | Learned a level 3 spell: Mephitic Cloud
   650 | D:2      | Found a shattered altar of Ashenzari.
  1192 | D:2      | Reached XP level 4. HP: 24/24 MP: 4/12
  1366 | D:2      | Noticed Ijyb
  1823 | D:2      | Killed Ijyb
  1823 | D:2      | Reached skill level 5 in Conjurations
  2203 | D:3      | Reached XP level 5. HP: 12/28 MP: 0/13
  2388 | D:4      | Learned a level 2 spell: Call Imp
  2469 | D:4      | Noticed a phantom
  2476 | D:3      | Reached skill level 5 in Spellcasting
  2752 | D:3      | Noticed an ogre
  2816 | D:3      | Killed an ogre
  2816 | D:3      | Reached XP level 6. HP: 32/32 MP: 8/16
  2827 | D:3      | Learned a level 5 spell: Irradiate
  3143 | D:3      | Found a snail-covered altar of Cheibriados.
  3148 | D:3      | Found a white marble altar of Elyvilon.
  3150 | D:3      | Found a glowing golden altar of the Shining One.
  3539 | D:4      | Reached skill level 6 in Conjurations
  3539 | D:4      | Reached skill level 1 in Transmutations
  3817 | D:4      | Killed a phantom
  3928 | D:4      | Reached XP level 7. HP: 36/36 MP: 10/18
  3931 | D:4      | Learned a level 1 spell: Apportation
  4260 | D:5      | Entered Level 5 of the Dungeon
  4260 | D:5      | Found Komoxupt's Armour Emporium.
  4958 | D:5      | Reached skill level 5 in Stealth
  5238 | D:5      | Got a twisted ring mail
  5535 | D:6      | Found a basalt altar of Yredelemnul.
  5635 | D:6      | Reached XP level 8. HP: 41/41 MP: 12/20
  5865 | D:6      | Learned a level 3 spell: Conjure Flame
  6277 | D:6      | Noticed Crazy Yiuf
  6290 | D:6      | Killed Crazy Yiuf
  7047 | D:6      | Identified the cursed +0 ring mail of the Planets {+Blink +Fly rC+} (You found it on level 5 of the Dungeon)
  7314 | D:6      | Reached skill level 5 in Dodging
  7504 | D:7      | Reached skill level 1 in Short Blades
  7521 | D:7      | Got a brightly glowing short sword
  7522 | D:7      | Identified the +7 short sword "Fatwumir" {pain, +Blink rC- MR+} (You found it on level 7 of the Dungeon)
  8097 | D:7      | Noticed Dowan
  8101 | D:7      | Noticed Duvessa
  8120 | D:8      | Found Qunoycez's Antique Armour Emporium.
  8268 | D:8      | Reached skill level 5 in Short Blades
  8380 | D:8      | Reached XP level 9. HP: 19/45 MP: 17/21
  8415 | D:8      | Noticed Elvalys's ghost (novice SpAs)
  8425 | D:9      | Found a staircase to the Lair.
  8455 | D:9      | Found a staircase to the Orcish Mines.
  8483 | D:9      | Reached skill level 7 in Short Blades
  8549 | Orc:1    | Entered Level 1 of the Orcish Mines
  8689 | D:9      | Found a radiant altar of Vehumet.
  8700 | D:9      | Became a worshipper of Vehumet
  8969 | D:8      | Reached skill level 8 in Short Blades
  9315 | D:8      | Killed Elvalys's ghost
  9587 | D:8      | Slain by a gnoll

Action                   |  1- 3 |  4- 6 |  7- 9 || total
-------------------------+-------+-------+-------++-------
Melee: Short sword       |    11 |       |   153 ||   164
       Dagger            |     1 |    42 |     5 ||    48
Throw: Tomahawk          |       |     4 |       ||     4
 Cast: Magic Dart        |    91 |   160 |   349 ||   600
       Repel Missiles    |     1 |       |     2 ||     3
       Mephitic Cloud    |       |     1 |    16 ||    17
       Call Imp          |       |     1 |       ||     1
       Irradiate         |       |       |     1 ||     1
       Conjure Flame     |       |       |     1 ||     1
  Use: Scroll            |     5 |     4 |    14 ||    23
       Potion            |       |     1 |     5 ||     6
 Stab: Confused          |       |     2 |       ||     2
       Sleeping          |       |       |     2 ||     2
  Eat: Chunk             |     1 |     3 |     7 ||    11
       Beef jerky        |       |     1 |       ||     1
       Royal jelly       |       |     1 |       ||     1
       Bread ration      |       |     1 |     1 ||     2
       Meat ration       |       |       |     1 ||     1
